 Dungeon Crawl Stone Soup version 0.29.1-13-g9f3cf754e1 (webtiles) character file.

Game seed: 6889672171317033138

121 rddays123 the Trooper (level 4, 0/41 HPs)
             Began as a Minotaur Fighter on Jan 24, 2023.
             Slain by a gnoll
             ... wielding a +0 halberd
              (6 damage)
             ... on level 3 of the Dungeon.
             The game lasted 00:03:07 (1905 turns).

rddays123 the Trooper (Minotaur Fighter)            Turns: 1905, Time: 00:03:08

Health: 0/41       AC:  7    Str: 23    XL:     4   Next: 77%
Magic:  3/3        EV:  9    Int:  5    God:
Gold:   100        SH:  4    Dex:  9    Spells: 3/3 levels left

rFire   . . .      SeeInvis .   a - +0 war axe
rCold   . . .      Faith    .   c - +0 buckler
rNeg    . . .      Spirit   .   b - +0 scale mail
rPois   .          Reflect  .   (helmet restricted)
rElec   .          Harm     .   (no cloak)
rCorr   .          Rampage  .   (no gloves)
Will    .....                   (no boots)
Stlth   ..........              (no amulet)
HPRegen 0.13/turn               (no ring)
MPRegen 0.08/turn               (no ring)

@: no status effects
A: horns 2, retaliatory headbutt
a: no special abilities


You were on level 3 of the Dungeon.
You visited 1 branch of the dungeon, and saw 3 of its levels.

You collected 100 gold pieces.

Inventory:

Hand Weapons
 a - a +0 war axe (weapon)
Armour
 b - a +0 scale mail (worn)
 c - a +0 buckler (worn)
Jewellery
 n - an amulet of faith
Wands
 s - a wand of flame (23)
Scrolls
 h - 7 scrolls of teleportation {unknown}
 j - a scroll of amnesia {unknown}
 k - a scroll of fog {unknown}
 m - a scroll of summoning {unknown}
 q - a scroll of identify {unknown}
 r - a scroll of enchant weapon {unknown}
 t - a scroll of blinking {unknown}
Potions
 d - a potion of might
 e - a potion of berserk rage {unknown}
 f - 2 potions of flight {unknown}
 g - 4 potions of curing {unknown}
 i - 2 potions of ambrosia {unknown}
 l - a potion of invisibility {unknown}
 o - a potion of haste
 p - 2 potions of heal wounds {unknown}


   Skills:
 + Level 4.6 Fighting
 + Level 3.7 Axes
 + Level 4.6 Armour
 + Level 4.5 Shields


You had 3 spell levels left.
You didn't know any spells.
Your spell library was empty.

Dungeon Overview and Level Annotations

Branches:
Dungeon (3/15)

Altars:
Ashenzari


Innate Abilities, Weirdness & Mutations

You have a pair of horns on your head.
You reflexively headbutt those who attack you in melee.


Message History

The dart slug launches a dart at you.
The slug dart hits you but does no damage.
A dart slug is nearby!
A dart slug is nearby!
There is a stone staircase leading down here.
You slice the dart slug!!
You kill the dart slug!
No target in view!
No target in view!
Found a scroll labelled XAUD UGONA.
Really walk into a travel-excluded area?
Found 8 gold pieces.
Really walk into that cloud of flame?
You are engulfed in blazing flames.
Ouch! That really hurt!
You see here a scroll labelled QEDAGE ILOADE.
t - a scroll labelled QEDAGE ILOADE You are engulfed in blazing flames.
* * * LOW HITPOINT WARNING * * *
You start resting.
A gnoll comes into view. It is wielding a +0 halberd.
You are too injured to fight recklessly!
The gnoll shouts!
There is a stone staircase leading down here.
You see here a dart slug corpse.
The gnoll closely misses you.
You hit the gnoll but do no damage. You block the gnoll's attack.
You hit the gnoll.
You headbutt the gnoll, but do no damage.
The gnoll is heavily wounded.
The gnoll closely misses you. The gnoll hits you with a +0 halberd!
* * * LOW HITPOINT WARNING * * *
You completely miss the gnoll. Your headbutt misses the gnoll.
The gnoll is heavily wounded.
The gnoll hits you with a +0 halberd.
* * * LOW HITPOINT WARNING * * *
You hit the gnoll. Your headbutt misses the gnoll.
The gnoll is severely wounded.
You block the gnoll's attack. The gnoll hits you with a +0 halberd.
You die...

#####################
....................#
...#####..#########.###
...#####....#....##...#
.....##...#.# #.####.#
.....##+###.# #.# #.#
............# #@# #.#
............# #g# #.#
............# #.#
##.#########
##..........#
##.###..........#
#..........#
#...##..........#
####.......#
#...##..........#
###...###
#.†.##..........# #○§.#
#.>.##..........# #§§°#
#...##..........#


You could see a gnoll.

Vanquished Creatures
  A scorpion (D:2)
  2 dart slugs
  An orc (D:3)
  4 endoplasms (D:1)
  A giant cockroach (D:2)
  5 goblins
  5 hobgoblins
  6 kobolds
  3 quokkas (D:1)
  4 ball pythons
  12 bats
  10 frilled lizards
  3 rats
57 creatures vanquished.

Notes
Turn   | Place    | Note
-------+----------+-------------------------------------------
     0 | D:1      | rddays123 the Minotaur Fighter began the quest for the Orb.
     0 | D:1      | Reached XP level 1. HP: 19/19 MP: 0/0
   136 | D:1      | Reached XP level 2. HP: 27/27 MP: 1/1
   316 | D:1      | Reached XP level 3. HP: 33/33 MP: 2/2
   785 | D:2      | Found a faded altar of an unknown god.
   827 | D:2      | Noticed a scorpion
   854 | D:2      | Killed a scorpion
   855 | D:2      | Reached XP level 4. HP: 38/41 MP: 3/3
  1042 | D:2      | Found a broken altar of Ashenzari.
  1665 | D:3      | Identified the +6 dagger of the Unspeakable One {vorpal,
                  | MP-9 Int+6}
  1905 | D:3      | Slain by a gnoll

Illustrated notes

Levels and vault maps discovered:
D:1:      zelgadis_glass_arrival_small, layout_basic,
          nicolae_kite_square_tiling_tiny, minmay_lizard_pond
D:2:      layout_basic, basic_altar, ebering_ecumenical_altar_sacrificial,
          hangedman_abyss_or_decor_stabs
D:3:      layout_basic, lemuel_doored_altar, lemuel_flame_loot_1

Skill      XL: |  1  2 |
---------------+-------+-----
Fighting       | 4 |  4.6
Armour         | 4 |  4.6
Shields        | 4 |  4.5
Axes           | 3 |  3.7

Action                   |  1- 3 |  4- 6 || total
-------------------------+-------+-------++-------
Melee: War axe           |    68 |    36 ||   104
       Headbutt          |     7 |     4 ||    11
Armor: Scale mail        |    34 |    22 ||    56
Dodge: Dodged            |    45 |    17 ||    62
Block: Buckler           |    21 |     8 ||    29
